 Dungeon Crawl Stone Soup version 0.29.1-2-gbd0b4ee654 (webtiles) character file.

Game seed: 4207993818847887876

91 KittyFluff the Cudgeller (level 4, 0/29 HPs)
             Began as a Gargoyle Berserker on Nov 1, 2022.
             Was a Believer of Trog.
             Slain by an orc
             ... wielding a +0 trident
              (7 damage)
             ... on level 2 of the Dungeon.
             The game lasted 00:09:42 (1676 turns).

KittyFluff the Cudgeller (Gargoyle Berserker)       Turns: 1676, Time: 00:09:43

Health: 0/29       AC:  5    Str: 20    XL:     4   Next: 59%
Magic:  4/4        EV: 12    Int:  8    God:    Trog [**....]
Gold:   93         SH:  0    Dex: 11    Spells: 3/3 levels left

rFire   . . .      SeeInvis .   a - +0 mace
rCold   . . .      Faith    .   (no shield)
rNeg    + . .      Spirit   .   b - +0 animal skin
rPois   ∞          Reflect  .   (no helmet)
rElec   +          Harm     .   (no cloak)
rCorr   .          Rampage  .   (no gloves)
Will    .....                   (no boots)
Stlth   +.........              (no amulet)
HPRegen 0.09/turn               (no ring)
MPRegen 0.09/turn               (no ring)

@: no status effects
A: sickness immunity, AC +3, negative energy resistance 1, electricity
resistance, torment resistance 1, petrification resistance
a: Renounce Religion, Berserk, Trog's Hand


You were on level 2 of the Dungeon.
You worshipped Trog.
Trog was pleased with you.
You visited 1 branch of the dungeon, and saw 2 of its levels.

You collected 93 gold pieces.

Inventory:

Hand Weapons
 a - a +0 mace (weapon)
Missiles
 i - 3 curare-tipped darts (quivered)
Armour
 b - a +0 animal skin (worn)
Jewellery
 d - a ring of protection from cold
Scrolls
 c - a scroll of silence {unknown}
 e - a scroll of magic mapping {unknown}
 f - 3 scrolls of poison {unknown}
 h - a scroll of vulnerability {unknown}
 m - a scroll of immolation {unknown}
Potions
 g - a potion of brilliance {unknown}
 j - a potion of lignification {unknown}
 k - 2 potions of mutation {unknown}
 l - a potion of degeneration {unknown}
 n - 3 potions of curing {unknown}
 o - a potion of attraction {unknown}
 p - 2 potions of magic {unknown}


   Skills:
 + Level 3.9 Fighting
 + Level 4.0 Maces & Flails
 * Level 2.9 Armour
 + Level 2.1 Dodging
 + Level 0.3 Stealth


You had 3 spell levels left.
You didn't know any spells.
Your spell library was empty.

Dungeon Overview and Level Annotations

Branches:
Dungeon (2/15)

Altars:


Innate Abilities, Weirdness & Mutations

You are immune to sickness and miasma.
Your stone body is resilient. (AC +3)
You are immune to poison.
You resist negative energy. (rN+)
You are resistant to electric shocks. (rElec)
You are resistant to unholy torment.
You are immune to petrification.


Message History

You open the door.
Natasha, Servant of Life and Death comes into view.
She is carrying a wand of flame (16).
Natasha hisses angrily.
There is an open door here.
You sock Natasha!
Natasha is severely wounded.
Natasha claws you.
You sock Natasha!
You kill Natasha!
Trog accepts your kill.
Trog appreciates your killing of a magic user.
Natasha screams in pain as she dies!
Your Maces & Flails skill increases to level 4!
There is an open door here.
There is an open door here.
Things that are here:
a +0 club; a +0 sling; a goblin corpse You start resting.
HP restored.
You open the large door. 2 orcs come into view.
The orc shouts! x2
Found a leather armour.
The orc hits you from afar with a +0 trident.
The orc hits you with a +0 trident. The orc hits you with a +0 flail.
You sock the orc!
You kill the orc!
Trog accepts your kill. The orc hits you with a +0 trident.
You hit the orc.
The orc is lightly wounded.
The orc hits you with a +0 trident. x2
* * * LOW HITPOINT WARNING * * *
You hit the orc but do no damage.
The orc is lightly wounded.
The orc misses you.
You hit the orc.
The orc is severely wounded.
The orc hits you with a +0 trident!
You die...

...........##.#.#.#############..
.............######## #..)...
............####..[.## ###.....
...........## #o8..8.# ##.##....
..........## ......# #...##...
.........## #....# ##.####..
#####..#### ###.##.######'#####.
#.#...###.##o'##.#8#.8.#8##.
#..###.'.#.@)...#)..#.#...+.
###...###)##++##.#8#.8.#8##.
#.#### ### ############. .# #.
##.. .## #. ##... ..# #. ##....
..# #. ##..... ..# ##### #......
..# #...#######+##.####


You could see an orc.

Vanquished Creatures
  Natasha (D:2)
  3 adders (D:2)
  A worm (D:2)
  A dart slug (D:1)
  An orc (D:2)
  An endoplasm (D:2)
  6 goblins
  2 hobgoblins
  2 jackals (D:1)
  A quokka (D:1)
  5 ball pythons
  3 bats (D:1)
  2 frilled lizards (D:1)
  5 kobolds
  3 rats
37 creatures vanquished.

Vanquished Creatures (others)
  A fungus (D:2)
1 creature vanquished.

Grand Total: 38 creatures vanquished

Notes
Turn   | Place    | Note
-------+----------+-------------------------------------------
     0 | D:1      | KittyFluff the Gargoyle Berserker began the quest for the
                  | Orb.
     0 | D:1      | Reached XP level 1. HP: 14/14 MP: 1/1
   144 | D:1      | Reached XP level 2. HP: 19/19 MP: 2/2
   731 | D:2      | Reached XP level 3. HP: 19/24 MP: 3/3
   971 | D:2      | Reached ** piety under Trog
  1199 | D:2      | Found a faded altar of an unknown god.
  1216 | D:2      | Reached XP level 4. HP: 25/29 MP: 4/4
  1639 | D:2      | Noticed Natasha
  1642 | D:2      | Killed Natasha
  1643 | D:2      | Reached skill level 4 in Maces & Flails
  1676 | D:2      | Slain by an orc

Illustrated notes

Levels and vault maps discovered:
D:1:      dpeg_arrival_radiant, layout_basic
D:2:      minmay_evil_eye, layout_basic, shapermc_ecumenical_altar_rom_forum,
          wad_orctagon, uniq_natasha

Skill      XL: |  1  2  3  4 |
---------------+-------------+-----
Dodging        | 2 |  2.1
Maces & Flails | 4 |  4.0
Fighting       | |  3.9
Armour         | |  2.9
Stealth        | |  0.3

Action                   |  1- 3 |  4- 6 || total
-------------------------+-------+-------++-------
Melee: Mace              |   104 |    25 ||   129
Armor: Animal skin       |    48 |     5 ||    53
Dodge: Dodged            |    71 |    13 ||    84
